 Dungeon Crawl Stone Soup version 0.27.0-1-g7a089689b8 (webtiles) character file.

Game seed: 2983225337797775798

738 rageheart7 the Slasher (level 7, -6/60 HPs)
             Began as a Barachi Fighter on Aug 1, 2021.
             Was a Believer of Cheibriados.
             Mangled by an ogre (13 damage)
             ... on level 4 of the Dungeon.
             The game lasted 00:05:59 (5052 turns).

rageheart7 the Slasher (Barachi Fighter)            Turns: 5052, Time: 00:05:59

Health: -6/60      AC:  6    Str: 24    XL:     7   Next: 75%
Magic:  5/7        EV:  9    Int: 13    God:    Cheibriados [**....]
Gold:   182        SH:  0    Dex: 17    Spells: 6/6 levels left

rFire    . . .     SeeInvis .   p - +2 dagger (venom)
rCold    . . .     Faith    +   (no shield)
rNeg     . . .     Spirit   .   b - +0 scale mail
rPois    .         Reflect  .   (no helmet)
rElec    .         Harm     .   (no cloak)
rCorr    .         Rampage  .   (no gloves)
Will     +....                  (no boots)
Stlth    ..........             f - amulet of faith
HPRegen  0.20/turn              g - ring of willpower
MPRegen  0.10/turn              (no ring)

@: unable to hop, very slow
A: amphibious, slowness 1, strong legs 1, +LOS
a: Hop, Renounce Religion, Bend Time


You were on level 4 of the Dungeon.
You worshipped Cheibriados.
Cheibriados was pleased with you.
You visited 1 branch of the dungeon, and saw 5 of its levels.

You collected 182 gold pieces.

Inventory:

Hand Weapons
 a - a +0 long sword
 p - a +2 dagger of venom (weapon)
Armour
 b - a +0 scale mail (worn)
 c - a +0 kite shield
Jewellery
 f - an amulet of faith (around neck)
 g - a ring of willpower (left hand)
Scrolls
 j - 2 scrolls of amnesia
 k - a scroll of enchant weapon
 l - a scroll of vulnerability
 n - a scroll of fog
 o - 3 scrolls of teleportation
Potions
 d - a potion of might
 e - a potion of brilliance


   Skills:
 * Level 7.3 Fighting
 * Level 7.8 Long Blades
 - Level 3.6 Armour
 + Level 0.9 Stealth
 - Level 3.2 Shields
 + Level 0.1 Invocations


You had 6 spell levels left.
You didn't know any spells.
Your spell library contained the following spells:

 Spells                   Type           Power      Damage    Failure   Level
 Magic Dart               Conj           0%         1d3       58%         1
 Call Imp                 Summ           0%         N/A       73%         2
 Mephitic Cloud           Conj/Pois/Air  0%         N/A       91%         3


Dungeon Overview and Level Annotations

Branches:
Dungeon (5/15)
 Temple: D:4-7

Altars:
Cheibriados
Makhleb
Uskayaw
Vehumet
Xom
Yredelemnul
The Shining One

Shops:
D:4 [


Innate Abilities, Weirdness & Mutations

You are amphibious.
You cover ground slowly.
You can hop short distances.
You have an extended range of vision and can be seen from far away.


Message History

You climb downwards.
The orc shouts!
The orc throws a boomerang.
The boomerang barely misses you.
There is a stone staircase leading up here.
An orc comes into view. It is wielding a +0 whip.
The orc shouts! x2; You hear a shout!
A hound comes into view.
The hound barks!
The orc barely misses you.
You climb upwards.
There is a stone staircase leading down, spattered with blood here.
You can't go up here!
You hit the orc.
The orc is poisoned.
The orc is heavily wounded.
The orc barely misses you.
You hit the orc.
You kill the orc!
Cheibriados thoroughly appreciates the change of pace.
No target in view!
You climb downwards.
The ogre hits you with a +0 giant club!!
There is a stone staircase leading up, spattered with blood here.
The ogre hits you with a +0 giant club!
You climb upwards.
There is a stone staircase leading down, spattered with blood here.
You closely miss the ogre.
The ogre hits you with a +0 giant club!!
* * * LOW HITPOINT WARNING * * *
You are too injured to fight recklessly!
Hop to where?
Press: ? - help, Dir - move target Boing!
The flow of time bends around you.
Okay, then.
You aren't carrying any items that you can evoke.
Your legs are too worn out to hop.
You hit the ogre.
The ogre is poisoned.
The ogre is lightly wounded.
The ogre hits you with a +0 giant club!
You die...

#.# #.# ##...##.###..#
#.########.# #......##
##.####### ........##.#
#....(.# #........
#.#####.##.###......##
##.####### ..#
#......##...##.###..# # ###
#......##...........# #
#.........#.........# #
##......#...####.##.# #
####.......##@...##..#.# #
#............O...###.#.# #
#.##.#####.#.....##....#
#.##.#####..........#..##
####.#.................#(..#
..........###.....[....###.#
####.#...## ###.#....).#.[.#
#.##.## #.#...##.#.###
#.##.#######.#.รท.##.[)########


You could see an ogre (very poisoned).

Vanquished Creatures
  2 ice beasts
  A necrophage (D:4)
  2 scorpions (D:4)
  2 howler monkeys
  Jessica (D:3)
  2 iguanas (D:4)
  An orc wizard (D:4)
  2 hound skeletons (D:4)
  5 adders
  An adder skeleton (D:4)
  2 dart slugs
  11 orcs
  10 ball pythons
  2 bats (D:2)
  7 endoplasms
  8 giant cockroaches
  3 goblins
  5 hobgoblins
  4 jackals (D:4)
  3 quokkas
  2 frilled lizards (D:1)
  6 kobolds
  6 rats
88 creatures vanquished.

Notes
Turn   | Place    | Note
-------+----------+-------------------------------------------
     0 | D:1      | rageheart7 the Barachi Fighter began the quest for the Orb.
     0 | D:1      | Reached XP level 1. HP: 18/18 MP: 1/1
   256 | D:1      | Reached XP level 2. HP: 25/25 MP: 2/2
   580 | D:1      | Reached XP level 3. HP: 25/31 MP: 3/3
  1287 | D:2      | You fall into a shaft and drop 1 floor!
  1780 | D:2      | Found a faded altar of an unknown god.
  2128 | D:3      | Found a burning altar of Makhleb.
  2129 | D:3      | Found a glowing golden altar of the Shining One.
  2129 | D:3      | Found a radiant altar of Vehumet.
  2129 | D:3      | Found a basalt altar of Yredelemnul.
  2130 | D:3      | Found a shimmering altar of Xom.
  2130 | D:3      | Found a snail-covered altar of Cheibriados.
  2132 | D:3      | Found a hide-covered altar of Uskayaw.
  2141 | D:3      | Became a worshipper of Cheibriados the Contemplative
  2174 | D:3      | Reached XP level 4. HP: 31/38 MP: 4/4
  2599 | D:3      | Noticed Jessica
  2606 | D:3      | Killed Jessica
  2757 | D:3      | Reached skill level 5 in Fighting
  3002 | D:4      | Reached * piety under Cheibriados
  3003 | D:4      | Reached XP level 5. HP: 42/44 MP: 5/5
  3024 | D:4      | Noticed a necrophage
  3037 | D:4      | Killed a necrophage
  3038 | D:4      | Reached skill level 5 in Long Blades
  3062 | D:4      | Reached XP level 6. HP: 46/52 MP: 6/6
  3535 | D:4      | Identified the +1 robe of Spite {rCorr Str-3 Dex+4 SInv}
  3656 | D:4      | Found Raqaemol's Antique Armour Shoppe.
  3675 | D:4      | Reached ** piety under Cheibriados
  4202 | D:5      | Entered Level 5 of the Dungeon
  4238 | D:4      | Reached XP level 7. HP: 49/59 MP: 7/7
  5052 | D:4      | Mangled by an ogre

Illustrated notes

Levels and vault maps discovered:
D:1:      heliophobic_arrival_enchanted_forest, layout_basic,
          minmay_misc_feat_enclosed, minmay_misc_feat_tiny
D:2:      layout_basic, hellmonk_ecumenical_altar_pennies_from_heaven,
          minmay_worlds_worst_comb
D:3:      kennysheep_six_static_rooms, layout_basic, grunt_temple_overflow_open,
          uniq_jessica
D:4:      layout_loops_ring, serial_shops, shop, kennysheep_opposing_triangles
D:5:      layout_cave_pools, lemuel_tele_altar, minmay_temple_entry_arrows

Skill      XL: |  1  2  3  4  5  6  7 |
---------------+----------------------+-----
Fighting       | 4 5 6 7 |  7.3
Long Blades    | 3 4 6 7 |  7.8
Armour         | |  3.6
Stealth        | |  0.9
Shields        | |  3.2
Invocations    | |  0.1

Action                   |  1- 3 |  4- 6 |  7- 9 || total
-------------------------+-------+-------+-------++-------
Melee: Long sword        |    73 |       |       ||    73
       Dagger            |    40 |   168 |    52 ||   260
Invok: Bend Time         |       |       |     2 ||     2
 Abil: Hop               |       |       |     2 ||     2
  Use: Scroll            |     1 |     6 |       ||     7
       Potion            |       |       |     1 ||     1
Armor: Scale mail        |    57 |    54 |    13 ||   124
Dodge: Dodged            |    49 |    66 |    20 ||   135
Block: Kite shield       |     1 |       |       ||     1
       Rpst.: Long sword |    12 |       |       ||    12
